AoeStats
← leeyoucheng1107

Arabia

508424643Analyzed
1v1 RM · 8d ago on Sep 22, 2026· 43m 15s· 2 players
Game mode
Random Map
Map size
Tiny (2 player)
Population
200
Speed
Normal
Resources
Standard
Victory
Conquest
Starting age
Dark Age
Ending age
Imperial Age
RankedLock teamsTeams togetherTeam positionsShared explorationLock speedFull tech treeHidden civsTurbo modeCheats
Victory
Defeat
🇪🇸 Byzantines · Spain
951
+15
🇹🇼 Magyars · Taiwan
930
-15
leeyoucheng1107
7:35 Loom
10:04 Feudal Age
11:26 Double-Bit Axe
13:42 Wheelbarrow
22:29 Castle Age
21:34 Bloodlines
22:53 Fletching
23:09 Scale Barding Armor
23:12 Husbandry
22:57 Light Cavalry
25:30 Pikeman
29:41 Horse Collar
33:26 Hand Cart
33:15 Town Watch
35:25 Scale Mail Armor
35:21 Bodkin Arrow
36:10 Padded Archer Armor
37:39 Chain Mail Armor
37:45 Chain Barding Armor
40:20 Imperial Age
silverkass
7:48 Loom
10:21 Feudal Age
11:10 Double-Bit Axe
16:35 Horse Collar
19:51 Castle Age
19:24 Forging
20:02 Gold Mining
21:02 Squires
20:22 Pikeman
21:30 Scale Barding Armor
23:41 Wheelbarrow
23:21 Husbandry
23:48 Bow Saw
25:06 Heavy Plow
27:38 Hand Cart
28:10 Stone Mining
29:50 Chain Barding Armor
30:53 Iron Casting
34:44 Imperial Age
34:52 Heavy Camel Rider
34:58 Cavalier
35:30 Gambesons
35:31 Arson
36:59 Elite Skirmisher
38:27 Conscription
40:49 Paladin
42:11 Plate Barding Armor
42:56 Scale Mail Armor
44:05 Chain Mail Armor
43:42 Fletching
43:52 Padded Archer Armor
Connection lost

Rejoining the realm…

Still unreachable

The connection could not be restored.

Session expired

The server has moved on; the page needs a fresh start.